[Event "84th ESP-ch 2019"]
[Site "Marbella"]
[Date "2019.11.19"]
[Round "4.32"]
[White "Diaz Mino, Pablo"]
[Black "Silva Lucena, Cristian"]
[Result "1/2-1/2"]
[ECO "A57"]
[WhiteElo "2135"]
[BlackElo "2244"]
[Annotator "ChessBase"]
[PlyCount "133"]
[EventDate "2019.11.16"]
[EventType "swiss"]
[EventCountry "ESP"]
[SourceTitle "playchess.com"]
[Source "ChessBase"]
[SourceQuality "1"]
[TimeControl "5400+30"]

1. d4 Nf6 2. c4 c5 3. d5 b5 4. Qc2 b4 5. e4 d6 6. Bd3 g6 7. f4 Bg7 8. Nf3 O-O 9. O-O Nbd7 10. a3 a5 11. Ra2 Rb8 12. b3 a4 13. Nbd2 Bh6 14. g3 Qb6 15. Kg2 e5 16. f5 Ng4 17. Nb1 Bxc1 18. Qxc1 axb3 19. Rb2 bxa3 20. Nxa3 Qb4 21. h3 Ngf6 22. Nb1 Ra8 23. Qd2 Kg7 24. g4 Ra5 25. Rf2 Ba6 26. fxg6 hxg6 27. Nh4 Qxd2 28. Nxd2 Ra3 29. Rxb3 Rxb3 30. Nxb3 Rb8 31. Na5 Rb4 32. Ra2 Nb6 33. Nc6 Ra4 34. Rxa4 Nxa4 35. Nb8 Nb2 36. Nxa6 Nxd3 37. Kf3 Nb2 38. g5 Nh7 39. Kg4 Nxc4 40. Nc7 Kf8 41. Nb5 Ke7 42. Ng2 Nf8 43. h4 Nd2 44. Nc3 c4 45. Ne3 Nd7 46. h5 gxh5+ 47. Kxh5 Nc5 48. Kg4 Nd3 49. Kf5 Nf3 50. Kg4 Nd2 51. Kf5 Nf2 52. g6 fxg6+ 53. Kxg6 Nfxe4 54. Nxe4 Nxe4 55. Nxc4 Nc3 56. Ne3 Nxd5 57. Nxd5+ Ke6 58. Nc3 d5 59. Kg5 d4 60. Ne4 Kd5 61. Kf5 d3 62. Nd2 Kd4 63. Nf3+ Kd5 64. Nd2 Kd4 65. Nf3+ Ke3 66. Nxe5 d2 67. Nc4+ 1/2-1/2

[Event "84th ESP-ch 2019"]
[Site "Marbella"]
[Date "2019.11.19"]
[Round "4.33"]
[White "Boutahar Belgasi, Tarik"]
[Black "Hernandez Roldan, Miguel"]
[Result "0-1"]
[ECO "A36"]
[WhiteElo "2027"]
[BlackElo "2229"]
[Annotator "ChessBase"]
[PlyCount "130"]
[EventDate "2019.11.16"]
[EventType "swiss"]
[EventCountry "ESP"]
[SourceTitle "playchess.com"]
[Source "ChessBase"]
[SourceQuality "1"]
[TimeControl "5400+30"]

1. c4 c5 2. Nc3 g6 3. g3 Bg7 4. Bg2 Nc6 5. e3 e5 6. b3 d6 7. Bb2 Nge7 8. Nge2 O-O 9. O-O Be6 10. a3 Rc8 11. Nd5 Qd7 12. Re1 f5 13. d3 g5 14. Qd2 h6 15. Rad1 Bxd5 16. cxd5 Nd8 17. f4 Rc7 18. Kh1 Ng6 19. Rf1 exf4 20. exf4 g4 21. Rfe1 h5 22. Rc1 h4 23. Bxg7 Kxg7 24. d4 b6 25. dxc5 bxc5 26. Qc3+ Kg8 27. Nd4 Qg7 28. Ne6 Nxe6 29. Rxe6 h3 30. Bf1 Rd8 31. Qxg7+ Kxg7 32. Rce1 Rf7 33. Kg1 Rf6 34. R6e3 Rb8 35. Bc4 Rb7 36. a4 a5 37. Kf2 Rff7 38. Re8 Nf8 39. Bb5 Nd7 40. R1e6 Rb6 41. Ra8 Nf6 42. Bc4 Ne4+ 43. Rxe4 fxe4 44. Rxa5 e3+ 45. Ke2 Rb4 46. Kxe3 Re7+ 47. Kf2 Re4 48. Rb5 Rexc4 49. bxc4 Rxa4 50. Rb6 Ra2+ 51. Ke3 Rxh2 52. Rxd6 Rg2 53. Rd7+ Kf6 54. Rh7 Rxg3+ 55. Ke4 Rg2 56. d6 Rd2 57. d7 Rd4+ 58. Ke3 Ke6 59. Rh4 Rxd7 60. Rxg4 Rh7 61. Rg1 h2 62. Rh1 Kf5 63. Kf3 Rh3+ 64. Kg2 Rh4 65. Kg3 Rg4+ 0-1

[Event "84th ESP-ch 2019"]
[Site "Marbella"]
[Date "2019.11.19"]
[Round "4.34"]
[White "Rodriguez Reinoso, Victoriano"]
[Black "Roman Lopez, Jesus"]
[Result "1-0"]
[ECO "A34"]
[WhiteElo "2204"]
[BlackElo "1993"]
[Annotator "ChessBase"]
[PlyCount "59"]
[EventDate "2019.11.16"]
[EventType "swiss"]
[EventCountry "ESP"]
[SourceTitle "playchess.com"]
[Source "ChessBase"]
[SourceQuality "1"]
[TimeControl "5400+30"]

1. c4 c5 2. g3 Nf6 3. Bg2 d5 4. cxd5 Nxd5 5. Nc3 Nc7 6. d3 Nc6 7. Bxc6+ bxc6 8. Qa4 Bd7 9. Nf3 Nd5 10. Ne4 e6 11. Ne5 Qc7 12. Nxd7 Qxd7 13. O-O Rb8 14. Qc4 h5 15. h4 f6 16. a3 e5 17. Kg2 Qg4 18. f3 Qe6 19. Nxc5 Bxc5 20. Qxc5 g5 21. Qxa7 O-O 22. hxg5 fxg5 23. Rh1 h4 24. b4 e4 25. Bxg5 exf3+ 26. exf3 Qe2+ 27. Qf2 Qe5 28. Bd2 Rb7 29. Rae1 Qh5 30. Rxh4 1-0

[Event "84th ESP-ch 2019"]
[Site "Marbella"]
[Date "2019.11.19"]
[Round "4.35"]
[White "Rodriguez Redondo, Adhara"]
[Black "Perez Guerra, Alberto"]
[Result "1/2-1/2"]
[ECO "B47"]
[WhiteElo "2199"]
[BlackElo "1988"]
[Annotator "ChessBase"]
[PlyCount "92"]
[EventDate "2019.11.16"]
[EventType "swiss"]
[EventCountry "ESP"]
[SourceTitle "playchess.com"]
[Source "ChessBase"]
[SourceQuality "1"]
[TimeControl "5400+30"]

1. e4 c5 2. Nf3 e6 3. d4 cxd4 4. Nxd4 Nc6 5. Nc3 Qc7 6. Be2 Nf6 7. O-O Be7 8. Be3 O-O 9. f4 d6 10. Ndb5 Qb8 11. a4 a6 12. Na3 d5 13. exd5 Rd8 14. Bb6 Rd7 15. Bd3 Nxd5 16. Nxd5 exd5 17. c3 Bf6 18. Qc2 h6 19. Kh1 Re7 20. Bc5 Re8 21. Qb3 Qc7 22. Bb6 Qd6 23. Rad1 Bg4 24. Rd2 Ne7 25. Bb1 Qc6 26. Nc2 Bd7 27. a5 Qb5 28. Qxb5 Bxb5 29. Rfd1 Ba4 30. Bd4 Bxd4 31. Rxd4 Bc6 32. Nb4 Ba4 33. Bc2 Bxc2 34. Nxc2 Nc6 35. Rxd5 Re2 36. R5d2 Rxd2 37. Rxd2 Nxa5 38. Rd7 Re8 39. h3 Re2 40. Nd4 Rxb2 41. Rd8+ Kh7 42. Rd7 Kg8 43. Rd8+ Kh7 44. Rd7 Kg8 45. Rd8+ Kh7 46. Rd7 Nc4 1/2-1/2

[Event "84th ESP-ch 2019"]
[Site "Marbella"]
[Date "2019.11.19"]
[Round "4.36"]
[White "Perez Ramos, Juan Carlos"]
[Black "Represa Perez, Mireya"]
[Result "0-1"]
[ECO "A46"]
[WhiteElo "1888"]
[BlackElo "2189"]
[Annotator "ChessBase"]
[PlyCount "54"]
[EventDate "2019.11.16"]
[EventType "swiss"]
[EventCountry "ESP"]
[SourceTitle "playchess.com"]
[Source "ChessBase"]
[SourceQuality "1"]
[TimeControl "5400+30"]

1. d4 Nf6 2. Nf3 e6 3. Bf4 d5 4. e3 c5 5. c3 Bd6 6. Bg3 Qc7 7. Ne5 Nbd7 8. f4 Ne4 9. Nd2 O-O 10. Nxe4 dxe4 11. Be2 Nf6 12. O-O Nd5 13. Qd2 Rd8 14. Bh4 f6 15. Ng4 cxd4 16. Qxd4 Nxf4 17. Rxf4 Bxf4 18. Qxe4 Bd6 19. Bc4 Rf8 20. Bxe6+ Bxe6 21. Qxe6+ Kh8 22. Nxf6 Bxh2+ 23. Kh1 Qd6 24. Qxd6 Bxd6 25. Nd5 Rae8 26. Re1 Rf5 27. Nf4 g5 0-1

[Event "84th ESP-ch 2019"]
[Site "Marbella"]
[Date "2019.11.19"]
[Round "4.38"]
[White "Vega Gutierrez, Belinda"]
[Black "Moreno Latorre, Fco Jose"]
[Result "1-0"]
[ECO "B06"]
[WhiteElo "2161"]
[BlackElo "1875"]
[Annotator "ChessBase"]
[PlyCount "65"]
[EventDate "2019.11.16"]
[EventType "swiss"]
[EventCountry "ESP"]
[SourceTitle "playchess.com"]
[Source "ChessBase"]
[SourceQuality "1"]
[TimeControl "5400+30"]

1. e4 g6 2. d4 Bg7 3. Nc3 a6 4. Nf3 b5 5. Bd3 Bb7 6. Ne2 d6 7. h4 h6 8. Ng3 e6 9. c3 Nd7 10. Be3 c5 11. Qe2 Ne7 12. O-O-O b4 13. cxb4 cxb4 14. Kb1 a5 15. Nd2 Nc6 16. d5 Nd4 17. Bxd4 Bxd4 18. dxe6 fxe6 19. Nf3 Bg7 20. Bb5 Qe7 21. Rc1 Rc8 22. Rxc8+ Bxc8 23. Rc1 O-O 24. Rc7 Qd8 25. Rc1 Nc5 26. e5 a4 27. Qc2 b3 28. Qxg6 bxa2+ 29. Kxa2 Nb3 30. Rd1 Qc7 31. Nh5 dxe5 32. Rd7 Nc1+ 33. Kb1 1-0

[Event "84th ESP-ch 2019"]
[Site "Marbella"]
[Date "2019.11.19"]
[Round "4.39"]
[White "Luque Saiz, Andres"]
[Black "Galan Benitez, Francisco Jesus"]
[Result "1-0"]
[ECO "B34"]
[WhiteElo "2140"]
[BlackElo "1603"]
[Annotator "ChessBase"]
[PlyCount "87"]
[EventDate "2019.11.16"]
[EventType "swiss"]
[EventCountry "ESP"]
[SourceTitle "playchess.com"]
[Source "ChessBase"]
[SourceQuality "1"]
[TimeControl "5400+30"]

1. e4 c5 2. Nf3 g6 3. d4 cxd4 4. Nxd4 Nc6 5. Nc3 Bg7 6. Nf3 Nf6 7. Bc4 O-O 8. O-O a6 9. Re1 b5 10. Bb3 Bb7 11. Bg5 h6 12. Bf4 Nh5 13. Be3 Nf6 14. h3 d6 15. Nd5 Nd7 16. c3 Na5 17. Bd4 Nxb3 18. Qxb3 Nc5 19. Qc2 Bxd4 20. cxd4 Nd7 21. Qb3 Nb6 22. Nf4 Kh7 23. Rad1 Qd7 24. Qd3 Nc4 25. Re2 Kg7 26. b3 Nb6 27. Nh4 e6 28. Qg3 g5 29. Nh5+ Kh8 30. f4 Rg8 31. Nf6 Qe7 32. Nxg8 Rxg8 33. Nf3 f6 34. fxg5 fxg5 35. e5 Bxf3 36. Qxf3 dxe5 37. Rxe5 Rf8 38. Qe3 Rf6 39. d5 Nd7 40. Rxe6 Rxe6 41. Qxe6 Qxe6 42. dxe6 Nf6 43. Rf1 Kg7 44. e7 1-0

[Event "84th ESP-ch 2019"]
[Site "Marbella"]
[Date "2019.11.19"]
[Round "4.40"]
[White "Maldonado Mena, German"]
[Black "Medarde Santiago, Luis Marcos"]
[Result "1/2-1/2"]
[ECO "A54"]
[WhiteElo "1840"]
[BlackElo "2285"]
[Annotator "ChessBase"]
[PlyCount "119"]
[EventDate "2019.11.16"]
[EventType "swiss"]
[EventCountry "ESP"]
[SourceTitle "playchess.com"]
[Source "ChessBase"]
[SourceQuality "1"]
[TimeControl "5400+30"]

1. d4 Nf6 2. c4 d6 3. Nc3 e5 4. Nf3 e4 5. Ng5 Bf5 6. Qc2 Qe7 7. f3 Bg6 8. Ngxe4 Nxe4 9. fxe4 Nd7 10. g3 Qd8 11. Bg2 c6 12. h4 h5 13. Bf4 Be7 14. O-O O-O 15. e3 Re8 16. Qb3 Qb6 17. Rf2 Nf6 18. Bf3 Nd7 19. Raf1 Qxb3 20. axb3 Bf8 21. Bg2 Nf6 22. Bg5 Ng4 23. Re2 a6 24. Ra1 b5 25. e5 Rec8 26. d5 dxe5 27. dxc6 bxc4 28. c7 e4 29. Bf4 Nf6 30. Bh3 Ng4 31. Nd5 Ra7 32. Bxg4 hxg4 33. Nb6 Rcxc7 34. Bxc7 Rxc7 35. Nxc4 Ra7 36. Ra5 Bb4 37. Rd5 f6 38. Rc2 Bf7 39. Rd8+ Kh7 40. Nd2 f5 41. Rcc8 Be6 42. Rb8 Bc5 43. Kf2 Rc7 44. Nc4 Be7 45. Re8 Bxc4 46. bxc4 Rd7 47. Ke2 a5 48. Rb5 Bb4 49. Rd5 Rc7 50. Rd4 Bc5 51. Rdd8 Ba7 52. Rd5 Rxc4 53. Rd2 Rb4 54. Ra8 Bb6 55. Rc8 Rb5 56. Rc3 a4 57. Rc4 Rb3 58. Rc3 Rb5 59. Rdc2 Rb4 60. Rc4 1/2-1/2

[Event "84th ESP-ch 2019"]
[Site "Marbella"]
[Date "2019.11.19"]
[Round "4.41"]
[White "Rodriguez Lopez, Rafael"]
[Black "Mohamed Garcia, Ismael"]
[Result "0-1"]
[ECO "C41"]
[WhiteElo "2228"]
[BlackElo "1825"]
[Annotator "ChessBase"]
[PlyCount "94"]
[EventDate "2019.11.16"]
[EventType "swiss"]
[EventCountry "ESP"]
[SourceTitle "playchess.com"]
[Source "ChessBase"]
[SourceQuality "1"]
[TimeControl "5400+30"]

1. e4 d6 2. d4 Nf6 3. Nc3 e5 4. Nf3 Nbd7 5. Bc4 Be7 6. a4 O-O 7. O-O exd4 8. Nxd4 Re8 9. a5 Bf8 10. Re1 c6 11. h3 Nc5 12. Bg5 h6 13. Bxf6 Qxf6 14. Re3 Be6 15. Nxe6 Nxe6 16. Qb1 b5 17. Ba2 Ng5 18. h4 Ne6 19. g3 a6 20. Kg2 Ra7 21. Qd1 Nc5 22. b4 Ne6 23. Rd3 g5 24. hxg5 Nxg5 25. f3 d5 26. e5 Qe6 27. f4 Qh3+ 28. Kg1 Bxb4 29. Ne2 Bc5+ 30. Nd4 Bxd4+ 31. Rxd4 Qxg3+ 32. Kh1 Nf3 33. Qg1 Nxg1 34. Rxg1 Qxg1+ 35. Kxg1 Re6 36. Kf2 f6 37. Rxd5 cxd5 38. Bxd5 fxe5 39. Bxe6+ Kg7 40. fxe5 Re7 41. Bc8 Rxe5 42. Bxa6 b4 43. Bd3 Rxa5 44. Ke3 Rc5 45. Kd4 Rc3 46. Be4 Kf6 47. Kd5 h5 0-1

[Event "84th ESP-ch 2019"]
[Site "Marbella"]
[Date "2019.11.20"]
[Round "5.11"]
[White "Diaz Camallonga, Carles"]
[Black "Moral Garcia, Serafin"]
[Result "1-0"]
[ECO "B39"]
[WhiteElo "2465"]
[BlackElo "2267"]
[Annotator "ChessBase"]
[PlyCount "95"]
[EventDate "2019.11.16"]
[EventType "swiss"]
[EventCountry "ESP"]
[SourceTitle "playchess.com"]
[Source "ChessBase"]
[SourceQuality "1"]
[TimeControl "5400+30"]

1. e4 c5 2. Nf3 g6 3. c4 Bg7 4. d4 cxd4 5. Nxd4 Nc6 6. Be3 Nf6 7. Nc3 Ng4 8. Qxg4 Nxd4 9. Qd1 e5 10. Bd3 d6 11. O-O O-O 12. Ne2 Nc6 13. Qd2 Be6 14. Rac1 f5 15. f4 Qd7 16. b3 Kh8 17. Ng3 fxe4 18. Bxe4 Rad8 19. fxe5 Bxe5 20. Bxc6 bxc6 21. Bd4 Bf5 22. Bxe5+ dxe5 23. Qxd7 Rxd7 24. Rce1 Rd2 25. Rxe5 Rxa2 26. Nxf5 Rxf5 27. Rfxf5 gxf5 28. Rxf5 Rb2 29. Rf8+ Kg7 30. Ra8 Ra2 31. Rc8 Ra6 32. Rc7+ Kg6 33. Kf2 h5 34. Ke3 Rb6 35. Kd4 Rxb3 36. Rxc6+ Kf5 37. Rc5+ Kg4 38. Ra5 Rb7 39. c5 Rd7+ 40. Ke5 Rd2 41. Rxa7 Kh4 42. Ra4+ Kg5 43. c6 Rxg2 44. h4+ Kg6 45. Rc4 Re2+ 46. Kd6 Kf5 47. c7 Re8 48. Kd7 1-0

[Event "84th ESP-ch 2019"]
[Site "Marbella"]
[Date "2019.11.20"]
[Round "5.12"]
[White "Garcia Romero, Benjamin Abel"]
[Black "Huerga Leache, Mikel"]
[Result "0-1"]
[ECO "A40"]
[WhiteElo "2234"]
[BlackElo "2456"]
[Annotator "ChessBase"]
[PlyCount "73"]
[EventDate "2019.11.16"]
[EventType "swiss"]
[EventCountry "ESP"]
[SourceTitle "playchess.com"]
[Source "ChessBase"]
[SourceQuality "1"]
[TimeControl "5400+30"]

1. d4 e6 2. c4 d5 3. Nf3 a6 4. g3 dxc4 5. Bg2 b5 6. Ne5 c6 7. O-O Bb7 8. a4 Ne7 9. b3 cxb3 10. axb5 axb5 11. Rxa8 Bxa8 12. Qxb3 Nd7 13. Nc3 Nd5 14. Nxd5 exd5 15. e4 Nxe5 16. exd5 Ng6 17. dxc6 Qc7 18. Qa2 Bxc6 19. Qc2 Kd7 20. Bh3+ Kd8 21. Bd2 Bb7 22. Qa2 Qc6 23. f3 Ke8 24. Qa7 Bd6 25. Re1+ Ne7 26. Bb4 Bxb4 27. Qb8+ Bc8 28. Bxc8 Bd6 29. Bd7+ Kxd7 30. Qxh8 Qc3 31. Rf1 Qxd4+ 32. Kg2 Nf5 33. Kh3 Qd3 34. Re1 Ne3 35. Qa8 Qf5+ 36. g4 Qf4 37. Re2 0-1

[Event "84th ESP-ch 2019"]
[Site "Marbella"]
[Date "2019.11.20"]
[Round "5.13"]
[White "Ramirez Diaz, Jose Ramon"]
[Black "Merario Alarcon, Andres"]
[Result "0-1"]
[ECO "B90"]
[WhiteElo "2171"]
[BlackElo "2394"]
[Annotator "ChessBase"]
[PlyCount "56"]
[EventDate "2019.11.16"]
[EventType "swiss"]
[EventCountry "ESP"]
[SourceTitle "playchess.com"]
[Source "ChessBase"]
[SourceQuality "1"]
[TimeControl "5400+30"]

1. e4 c5 2. Nf3 d6 3. d4 cxd4 4. Nxd4 Nf6 5. Nc3 a6 6. Qe2 e5 7. Nf5 d5 8. Bg5 d4 9. O-O-O Nc6 10. Qf3 Qa5 11. Bxf6 dxc3 12. Nxg7+ Bxg7 13. Bxg7 Rg8 14. Qf6 cxb2+ 15. Kxb2 Qb4+ 16. Kc1 Qa3+ 17. Kd2 Qa5+ 18. Ke3 Qc5+ 19. Kd2 Bg4 20. f3 Rd8+ 21. Bd3 Be6 22. Rhe1 Nb4 23. Rc1 Nxa2 24. Rb1 Nb4 25. Rb2 Nxd3 26. cxd3 Qa3 27. Reb1 Qxd3+ 28. Ke1 Qe3+ 0-1

[Event "84th ESP-ch 2019"]
[Site "Marbella"]
[Date "2019.11.20"]
[Round "5.14"]
[White "Berrocal Ruiz, Valentin"]
[Black "Vega Gutierrez, Sabrina"]
[Result "1-0"]
[ECO "D45"]
[WhiteElo "2143"]
[BlackElo "2374"]
[Annotator "ChessBase"]
[PlyCount "85"]
[EventDate "2019.11.16"]
[EventType "swiss"]
[EventCountry "ESP"]
[SourceTitle "playchess.com"]
[Source "ChessBase"]
[SourceQuality "1"]
[TimeControl "5400+30"]

1. d4 d5 2. c4 e6 3. Nc3 c6 4. e3 Nf6 5. Nf3 Nbd7 6. Qc2 Bd6 7. b3 O-O 8. Be2 b6 9. O-O Bb7 10. Bb2 Qe7 11. e4 dxe4 12. Nxe4 Nxe4 13. Qxe4 f5 14. Qc2 c5 15. Rad1 Rad8 16. Rfe1 Be4 17. Qc1 cxd4 18. Bxd4 e5 19. Bc3 Ba8 20. Qg5 Rf6 21. c5 bxc5 22. Bc4+ Kh8 23. Nxe5 Nxe5 24. Bxe5 Bxe5 25. Rxd8+ Qxd8 26. Rxe5 Be4 27. Qd2 Rf8 28. Qxd8 Rxd8 29. f3 Bb1 30. a3 g5 31. h4 gxh4 32. Kh2 Rc8 33. Re7 a5 34. Ra7 Rb8 35. Rxa5 Bc2 36. Rxc5 Bxb3 37. Rb5 Rxb5 38. Bxb5 Kg7 39. Kh3 Kf6 40. Kxh4 Ke5 41. a4 Bd5 42. Bd7 Kf4 43. Bc8 1-0

[Event "84th ESP-ch 2019"]
[Site "Marbella"]
[Date "2019.11.20"]
[Round "5.15"]
[White "Serarols Mabras, Bernat"]
[Black "Guillo Longares, Cecilia"]
[Result "1-0"]
[ECO "A56"]
[WhiteElo "2367"]
[BlackElo "2100"]
[Annotator "ChessBase"]
[PlyCount "71"]
[EventDate "2019.11.16"]
[EventType "swiss"]
[EventCountry "ESP"]
[SourceTitle "playchess.com"]
[Source "ChessBase"]
[SourceQuality "1"]
[TimeControl "5400+30"]

1. d4 Nf6 2. c4 c5 3. d5 g6 4. Nc3 d6 5. e4 Bg7 6. Bd3 O-O 7. h3 e6 8. Nf3 exd5 9. cxd5 a6 10. a4 Nbd7 11. O-O Rb8 12. Bf4 Qe7 13. Re1 Nh5 14. Bh2 Ne5 15. Be2 Nxf3+ 16. Bxf3 Be5 17. Bxh5 Bxh2+ 18. Kxh2 Qe5+ 19. g3 gxh5 20. f4 Qg7 21. Qxh5 Kh8 22. e5 f5 23. exd6 Rg8 24. Kh1 Qxg3 25. Rg1 Qxf4 26. Rxg8+ Kxg8 27. Qe8+ Kg7 28. Rg1+ Kh6 29. Qf8+ Kh5 30. Qf7+ Kh6 31. Qg7+ Kh5 32. Qxh7+ Qh6 33. Qxh6+ Kxh6 34. Rg8 Kh7 35. d7 Kxg8 36. d8=Q+ 1-0

[Event "84th ESP-ch 2019"]
[Site "Marbella"]
[Date "2019.11.20"]
[Round "5.18"]
[White "Kolotilina, Liudmila"]
[Black "Alsina Leal, Daniel"]
[Result "0-1"]
[ECO "B23"]
[WhiteElo "2242"]
[BlackElo "2467"]
[Annotator "ChessBase"]
[PlyCount "125"]
[EventDate "2019.11.16"]
[EventType "swiss"]
[EventCountry "ESP"]
[SourceTitle "playchess.com"]
[Source "ChessBase"]
[SourceQuality "1"]
[TimeControl "5400+30"]

1. e4 c5 2. Nc3 d6 3. d4 cxd4 4. Qxd4 Nc6 5. Qd2 Nf6 6. b3 e6 7. Bb2 Be7 8. O-O-O O-O 9. f4 a6 10. Kb1 b5 11. Bd3 Qc7 12. g4 Nd7 13. Nf3 Nc5 14. g5 f5 15. exf5 Nxd3 16. Qxd3 Rxf5 17. Qe3 Bf8 18. Nh4 Rc5 19. Rd2 d5 20. Ne2 e5 21. fxe5 d4 22. Nxd4 Rxe5 23. Qc3 Rc5 24. Qe3 Qe7 25. Qxe7 Nxe7 26. Nhf3 Nd5 27. Re1 Nc3+ 28. Bxc3 Rxc3 29. Re8 Bb7 30. Rxa8 Bxa8 31. Ne5 Re3 32. Ndc6 Rc3 33. Nd4 Rc5 34. Nd7 Rxg5 35. Nxf8 Rg1+ 36. Kb2 Kxf8 37. Nxb5 axb5 38. Rd8+ Ke7 39. Rxa8 Rg2 40. h3 Rh2 41. Rb8 Rxh3 42. Rxb5 Kd6 43. a4 Kc6 44. Rg5 g6 45. b4 Rh5 46. Rg3 Rf5 47. Kb3 g5 48. b5+ Kb7 49. Rh3 Rf7 50. Kb4 g4 51. Rh5 Rg7 52. a5 g3 53. a6+ Kb6 54. Rh6+ Ka7 55. Ka5 g2 56. b6+ Ka8 57. Re6 Rg5+ 58. Kb4 Rg8 59. Re7 g1=Q 60. Ra7+ Kb8 61. Rb7+ Kc8 62. Rc7+ Kd8 63. a7 0-1

[Event "84th ESP-ch 2019"]
[Site "Marbella"]
[Date "2019.11.20"]
[Round "5.19"]
[White "Tejedor Fuente, Enrique"]
[Black "Martin Hernandez, Ruben"]
[Result "1-0"]
[ECO "B23"]
[WhiteElo "2457"]
[BlackElo "2206"]
[Annotator "ChessBase"]
[PlyCount "69"]
[EventDate "2019.11.16"]
[EventType "swiss"]
[EventCountry "ESP"]
[SourceTitle "playchess.com"]
[Source "ChessBase"]
[SourceQuality "1"]
[TimeControl "5400+30"]

1. e4 c5 2. Nc3 e6 3. g3 Nc6 4. Bg2 g6 5. d3 Bg7 6. Be3 d6 7. Qd2 h6 8. Nge2 Nd4 9. Nc1 Ne7 10. Nd1 e5 11. O-O d5 12. exd5 Nxd5 13. Nb3 Nxe3 14. Nxe3 Nxb3 15. axb3 O-O 16. Qa5 b6 17. Qd2 Rb8 18. Rxa7 f5 19. Nc4 Bd7 20. Re1 Re8 21. b4 Bb5 22. Nxe5 Rxe5 23. Rxe5 Bxe5 24. Qxh6 Be8 25. c4 Bf7 26. Bd5 Bxd5 27. Qxg6+ Kf8 28. Qh6+ Kg8 29. Qh7+ Kf8 30. Rd7 Qf6 31. Rxd5 cxb4 32. d4 Bxd4 33. Rxf5 Bxb2 34. Rxf6+ Bxf6 35. Qc7 1-0

[Event "84th ESP-ch 2019"]
[Site "Marbella"]
[Date "2019.11.20"]
[Round "5.20"]
[White "Ladron De Guevara Pinto, Paolo"]
[Black "Rodriguez Reinoso, Victoriano"]
[Result "1-0"]
[ECO "B41"]
[WhiteElo "2442"]
[BlackElo "2204"]
[Annotator "ChessBase"]
[PlyCount "95"]
[EventDate "2019.11.16"]
[EventType "swiss"]
[EventCountry "ESP"]
[SourceTitle "playchess.com"]
[Source "ChessBase"]
[SourceQuality "1"]
[TimeControl "5400+30"]

1. e4 c5 2. Nf3 e6 3. d4 cxd4 4. Nxd4 a6 5. c4 Qc7 6. Nc3 Nf6 7. a3 d6 8. Be2 Nbd7 9. Be3 b6 10. O-O Bb7 11. f3 Rc8 12. Qd2 Be7 13. Rfc1 Qb8 14. a4 Bd8 15. Bf1 O-O 16. Qf2 Re8 17. Rc2 Bc7 18. g3 Qa8 19. Rac1 Ne5 20. h3 Nfd7 21. Rd1 Nf6 22. b3 Ned7 23. Rcd2 Qb8 24. Nde2 Nc5 25. Rb2 Bc6 26. g4 h6 27. Bg2 Qa8 28. h4 Nfd7 29. Nd4 Ne5 30. Qe2 Bb7 31. h5 Nc6 32. Nc2 Rcd8 33. b4 Nd7 34. b5 Na5 35. bxa6 Bxa6 36. Nb5 Bb8 37. Nb4 Nc5 38. Ra2 Bb7 39. g5 hxg5 40. Bxg5 Rd7 41. Bh4 Nc6 42. Nxc6 Bxc6 43. Bh3 Qb7 44. Qe1 Bc7 45. Rg2 Bd8 46. Nxd6 Bxh4 47. Qxh4 Qc7 48. Qf6 1-0

[Event "84th ESP-ch 2019"]
[Site "Marbella"]
[Date "2019.11.20"]
[Round "5.21"]
[White "Hernandez Roldan, Miguel"]
[Black "Valmana Canto, Jaime"]
[Result "0-1"]
[ECO "B30"]
[WhiteElo "2229"]
[BlackElo "2416"]
[Annotator "ChessBase"]
[PlyCount "63"]
[EventDate "2019.11.16"]
[EventType "swiss"]
[EventCountry "ESP"]
[SourceTitle "playchess.com"]
[Source "ChessBase"]
[SourceQuality "1"]
[TimeControl "5400+30"]

1. e4 c5 2. Nf3 Nc6 3. Bb5 Nf6 4. Bxc6 dxc6 5. d3 Bg4 6. Nc3 e5 7. h3 Bxf3 8. Qxf3 Qc7 9. O-O Bd6 10. Be3 O-O 11. Ne2 Rfe8 12. g4 Nd7 13. Qg3 Nf8 14. f4 exf4 15. Bxf4 Bxf4 16. Rxf4 Ng6 17. Rf2 Qe7 18. Raf1 f6 19. b3 a5 20. a4 b5 21. Nc3 c4 22. axb5 cxb3 23. cxb3 Qb4 24. Rc1 cxb5 25. Nd5 Qd4 26. Qd6 Rad8 27. Qg3 Ne5 28. Rd1 a4 29. bxa4 bxa4 30. Kg2 a3 31. Ra2 Rxd5 32. Raa1 0-1

[Event "84th ESP-ch 2019"]
[Site "Marbella"]
[Date "2019.11.20"]
[Round "5.22"]
[White "Garza Marco, Sergio"]
[Black "Luque Saiz, Andres"]
[Result "1-0"]
[ECO "D18"]
[WhiteElo "2400"]
[BlackElo "2140"]
[Annotator "ChessBase"]
[PlyCount "77"]
[EventDate "2019.11.16"]
[EventType "swiss"]
[EventCountry "ESP"]
[SourceTitle "playchess.com"]
[Source "ChessBase"]
[SourceQuality "1"]
[TimeControl "5400+30"]

1. d4 d5 2. c4 c6 3. Nf3 Nf6 4. Nc3 dxc4 5. a4 Bf5 6. e3 e6 7. Bxc4 Bb4 8. O-O Nbd7 9. Qe2 O-O 10. e4 Bg4 11. Rd1 Qc7 12. e5 Nd5 13. Bd2 Bxc3 14. bxc3 f6 15. Bd3 fxe5 16. Bxh7+ Kh8 17. Be4 exd4 18. cxd4 N7f6 19. Bb1 Nf4 20. Bxf4 Qxf4 21. Ra3 Nd5 22. h3 Bf5 23. Ne5 Qh6 24. Qb2 Nf4 25. Qxb7 Rab8 26. Qxb8 Rxb8 27. Nf7+ Kh7 28. Bxf5+ exf5 29. Nxh6 Kxh6 30. Rf3 g5 31. Kh2 Rb4 32. g3 Ne6 33. Rxf5 Nxd4 34. Ra5 c5 35. Rxa7 Rb6 36. Rd7 Rb2 37. Kg2 Nf5 38. Rc1 c4 39. Rc7 1-0

[Event "84th ESP-ch 2019"]
[Site "Marbella"]
[Date "2019.11.20"]
[Round "5.23"]
[White "Represa Perez, Mireya"]
[Black "Suarez Uriel, Adrian"]
[Result "0-1"]
[ECO "B31"]
[WhiteElo "2189"]
[BlackElo "2389"]
[Annotator "ChessBase"]
[PlyCount "124"]
[EventDate "2019.11.16"]
[EventType "swiss"]
[EventCountry "ESP"]
[SourceTitle "playchess.com"]
[Source "ChessBase"]
[SourceQuality "1"]
[TimeControl "5400+30"]

1. e4 c5 2. Nf3 Nc6 3. Bb5 g6 4. Bxc6 dxc6 5. d3 Bg7 6. h3 Nf6 7. Nc3 Nd7 8. Be3 e5 9. Qd2 h6 10. O-O b6 11. Nh2 Nf8 12. f4 exf4 13. Bxf4 Ne6 14. Bg3 Qg5 15. Qe1 Nd4 16. Kh1 Qe7 17. Qf2 Be6 18. Rae1 O-O-O 19. Nd1 g5 20. Ne3 Rhe8 21. c3 Nb5 22. Nf5 Qf8 23. a4 Nc7 24. Ng4 Rxd3 25. Nxg7 Qxg7 26. Ne5 Rxg3 27. Qxg3 Kb7 28. Nd3 Bc4 29. a5 Rd8 30. Rf3 h5 31. axb6 axb6 32. Ra1 f6 33. Rd1 Qe7 34. Rf2 Ne6 35. Qf3 Qc7 36. Qxf6 Bxd3 37. Qxe6 Bc4 38. Qxc4 Rxd1+ 39. Rf1 b5 40. Qe2 Rxf1+ 41. Qxf1 Qf4 42. Qxf4 gxf4 43. Kh2 h4 44. Kg1 Kc7 45. Kf2 Kd6 46. Kf3 Ke5 47. Kg4 Kxe4 48. Kxh4 Kf5 49. g4+ Ke4 50. g5 f3 51. g6 f2 52. g7 f1=Q 53. g8=Q Qf2+ 54. Kh5 Qxb2 55. Qe6+ Kd3 56. Qxc6 Qe2+ 57. Kg6 Kc4 58. h4 Qg4+ 59. Kf6 Qxh4+ 60. Kf7 Qh5+ 61. Ke7 Qe5+ 62. Kf7 Qd5+ 0-1